 Dungeon Crawl Stone Soup version 0.29-a0-997-gf6f7e2dfe7 (webtiles) character file.

Game seed: 1967801049048548430

8397 zishaf the Party-goer (level 11, 0/60 HPs)
             Began as a Vine Stalker Brigand on Aug 4, 2022.
             Was a High Priest of Uskayaw.
             Killed from afar by an ice dragon (13 damage)
             ... with a blast of cold
             ... on level 10 of the Dungeon.
             The game lasted 00:21:53 (9562 turns).

zishaf the Party-goer (Vine Stalker Brigand)        Turns: 9562, Time: 00:21:53

Health: 0/60       AC: 10    Str: 15    XL:     11   Next: 30%
Magic:  0/27       EV:  8    Int: 11    God:    Uskayaw [*****.]
Gold:   650        SH: 10    Dex: 19    Spells: 10/10 levels left

rFire   . . .      SeeInvis .   a - +2 dagger (flame)
rCold   . . .      Faith    +   y - +0 kite shield
rNeg    + . .      Spirit   +   e - +1 scale mail {rPois}
rPois   +          Reflect  .   B - +1 helmet
rElec   .          Harm     .   c - +0 cloak
rCorr   .          Rampage  .   (no gloves)
Will    +....                   (no boots)
Stlth   +++.......              I - amulet of faith
HPRegen 1.00/turn               x - ring of magical power
MPRegen 0.20/turn               F - ring of positive energy

@: no status effects
A: fangs 3, regeneration 1, magic shield, antimagic bite, no potion heal 2
a: Renounce Religion, Stomp, Line Pass, Grand Finale


You were on level 10 of the Dungeon.
You worshipped Uskayaw.
Uskayaw was aware of your devotion.
You visited 2 branches of the dungeon, and saw 11 of its levels.

You collected 650 gold pieces.

Inventory:

Hand Weapons
 a - a +2 dagger of flaming (weapon)
 i - a +0 long sword of draining
Missiles
 d - 47 poisoned darts
 g - 2 curare-tipped darts (quivered)
 k - 10 boomerangs
 o - 10 javelins
 K - a throwing net
Armour
 b - a +0 robe
 c - a +0 cloak (worn)
 e - a +1 scale mail of poison resistance (worn)
 f - a +0 ring mail
 q - +0 ice dragon scales
 w - a +0 buckler
 y - a +0 kite shield (worn)
 B - a +1 helmet (worn)
 C - a +2 robe of willpower
Jewellery
 l - a ring of fire
 r - an amulet of magic regeneration
 x - a ring of magical power (left hand)
 F - a ring of positive energy (right hand)
 G - an amulet of reflection
 I - an amulet of faith (around neck)
Wands
 s - a wand of flame (54)
 u - a wand of charming (7)
 H - a wand of digging (7)
Scrolls
 h - 5 scrolls of butterflies
 n - 6 scrolls of teleportation
 E - 4 scrolls of identify
 J - a scroll of enchant armour
Potions
 j - 5 potions of curing
 m - a potion of lignification
 p - a potion of magic
 t - 4 potions of flight
 v - 2 potions of attraction
 z - 2 potions of brilliance
 A - a potion of ambrosia
 D - a potion of might


   Skills:
 + Level 7.9 Fighting
 - Level 6.0 Short Blades
 - Level 5.0 Throwing
 + Level 2.3 Armour
 - Level 1.0 Dodging
 - Level 8.0 Stealth
 - Level 4.0 Shields
 * Level 9.3 Invocations
 - Level 4.0 Evocations


You had 10 spell levels left.
You didn't know any spells.
Your spell library contained the following spells:

 Spells                   Type           Power      Damage    Failure   Level
 Ignite Poison            Fire/Tmut/Pois 0%         N/A       100%        3
 Mephitic Cloud           Conj/Pois/Air  0%         N/A       100%        3
 Leda's Liquefaction      Hex/Erth       0%         N/A       100%        4
 Freezing Cloud           Conj/Ice/Air   0%         6-21      100%        5
 Lee's Rapid Deconstruct  Erth           0%         3d5*      100%        5
 Statue Form              Tmut/Erth      0%         N/A       100%        6


Dungeon Overview and Level Annotations

Branches:
Dungeon (10/15)            Temple (1/1) D:5
   Lair: D:8-11         Orc: D:9-12

Altars:
Ashenzari
Cheibriados
Dithmenos
Elyvilon
Fedhas
Gozag
Hepliaklqana
Kikubaaqudgha
Makhleb
Nemelex Xobeh
Okawaru
Qazlal
Ru
Sif Muna
Trog
Uskayaw
Vehumet
Wu Jian
Xom
Yredelemnul
Zin
The Shining One

Shops:
D:8 *


Innate Abilities, Weirdness & Mutations

You have razor-sharp teeth.
Your natural rate of healing is unusually fast.
When hurt, damage is shared between your health and your magic reserves.
Your bite disrupts and absorbs the magic of your enemies.
Potions cannot restore your health.


Message History

You bite the polar bear, but do no damage.
The polar bear is moderately wounded.
You block the polar bear's attack.
The polar bear claws you but does no damage. x2
You hit the polar bear but do no damage.
You bite the polar bear, but do no damage.
The polar bear is moderately wounded.
You block the polar bear's attack. x2
The polar bear claws you but does no damage.
Uskayaw links your audience in an emotional bond!
You hit the polar bear but do no damage.
The polar bear is moderately wounded.
The polar bear bites you but does no damage.
You block the polar bear's attack.
The polar bear claws you but does no damage.
You hit the polar bear but do no damage.
You bite the polar bear. You drain its power.
You feel invigorated.
The polar bear is heavily wounded.
The polar bear barely misses you. You block the polar bear's attack.
The polar bear claws you but does no damage.
You hit the polar bear but do no damage.
You bite the polar bear. You drain its power.
You feel invigorated.
The polar bear is heavily wounded.
The polar bear bites you!
* * * LOW HITPOINT WARNING * * *
The polar bear claws you but does no damage. x2
Unknown command.
You hit the polar bear but do no damage.
You bite the polar bear! You drain its power.
You feel invigorated.
The polar bear is almost dead.
The polar bear bites you!
* * * LOW HITPOINT WARNING * * *
You block the polar bear's attack.
The polar bear claws you but does no damage.
You closely miss the polar bear. You bite the polar bear!
You kill the polar bear!
Okay, then.
The ice dragon breathes frost at you. The blast of cold hits you!!
You die...

#.###.# ########..##.# #..
.......#...#.# #.. ##.#
######.#.).#.# #.. #....
####.......#.# ##.. #...8
..##.#.#...#.# #.. #....
#.#....#...#.# #.##...#
#.#..#.#.#.#.######.#...#
#.#....#........@)†D#...#.#}#
#.#.##.#.......####hk.8...:#
............>#.# ###...#.#|#
#...##.#.#####.# #...#
.......#.#####.#######O..#
##..#..#.............##....
....#....)........)..# #...8
###......#####.#####.####....
# ####.### #.# #....###.#


You could see an ice dragon (catching breath), a polar bear (pain bonded) and a
rime drake (pain bonded).

Vanquished Creatures
  A two-headed ogre (D:10)
  An ugly thing (D:7)
  A kobold demonologist (D:10)
  A polar bear (D:10)
  A troll (D:9)
  Sigmund (D:3)
  17 yaks
  A wyvern (D:9)
  Eustachio (D:4)
  An unseen horror simulacrum (D:10)
  A basilisk (D:8)
  Menkaure (D:6)
  Duvessa (D:4)
  A water moccasin (D:6)
  5 orc warriors
  2 black bears
  2 ice beasts
  3 ogres
  2 centaurs
  A phantom (D:3)
  2 kobold brigands (D:9)
  2 bullfrogs (D:7)
  2 scorpions
  2 gnoll sergeants
  Dowan (D:4)
  3 electric eels (D:8)
  4 hounds
  2 jellies
  7 orc priests
  Jessica (D:3)
  5 iguanas
  Natasha (thrice) (D:4)
  8 orc wizards
  Robin (D:3)
  9 gnolls
  13 adders
  A shadow imp (D:7)
  2 white imps
  3 ufetubi
  2 worms (D:2)
  4 dart slugs
  52 orcs
  A giant cockroach (D:1)
  17 goblins
  13 hobgoblins
  12 jackals
  22 kobolds
  5 quokkas
  7 ball pythons
  3 bats (D:2)
  2 frilled lizards (D:1)
  8 rats
264 creatures vanquished.

Vanquished Creatures (collateral kills)
  A ball python (D:4)
  An endoplasm (D:4)
2 creatures vanquished.

Vanquished Creatures (others)
  A wizard (D:9)
  2 orcs (D:8)
  6 plants
9 creatures vanquished.

Grand Total: 275 creatures vanquished

Notes
Turn   | Place    | Note
-------+----------+-------------------------------------------
     0 | D:1      | zishaf the Vine Stalker Brigand began the quest for the
                  | Orb.
     0 | D:1      | Reached XP level 1. HP: 11/11 MP: 2/2
    78 | D:1      | Reached skill level 1 in Dodging
    78 | D:1      | Reached skill level 5 in Stealth
    78 | D:1      | Reached XP level 2. HP: 4/15 MP: 1/3
  1093 | D:2      | Reached XP level 3. HP: 5/18 MP: 1/4
  1739 | D:2      | Gained mutation: Your natural rate of healing is unusually
                  | fast. [Vine Stalker growth]
  1739 | D:2      | Reached XP level 4. HP: 23/23 MP: 5/5
  2165 | D:2      | Found a faded altar of an unknown god.
  2476 | D:3      | Reached XP level 5. HP: 27/27 MP: 6/6
  2560 | D:3      | Found a sacrificial altar of Ru.
  2602 | D:3      | Noticed Robin
  2655 | D:3      | Killed Robin
  2696 | D:3      | Noticed a phantom
  2705 | D:3      | Reached skill level 1 in Shields
  2729 | D:3      | Killed a phantom
  2730 | D:3      | Reached XP level 6. HP: 32/32 MP: 7/7
  2939 | D:3      | Noticed Sigmund
  2947 | D:3      | Killed Sigmund
  2948 | D:3      | Reached XP level 7. HP: 36/36 MP: 8/8
  3013 | D:3      | Noticed Jessica
  3020 | D:3      | Killed Jessica
  3150 | D:3      | Found a sparkling altar of Nemelex Xobeh.
  3622 | D:4      | Noticed Dowan
  3635 | D:4      | Killed Dowan
  3697 | D:4      | Noticed Duvessa
  3724 | D:4      | Killed Duvessa
  3725 | D:4      | Gained mutation: You have razor-sharp teeth. [Vine Stalker
                  | growth]
  3725 | D:4      | Reached XP level 8. HP: 42/42 MP: 9/9
  3855 | D:4      | Found a white marble altar of Elyvilon.
  3911 | D:4      | Found a burning altar of Makhleb.
  4049 | D:4      | Noticed Eustachio
  4214 | D:4      | Noticed Natasha
  4220 | D:4      | Killed Natasha
  4243 | D:4      | Killed Eustachio
  4458 | D:4      | Noticed Natasha
  4459 | D:4      | Found a white marble altar of Elyvilon.
  4476 | D:4      | Killed Natasha
  4511 | D:4      | Found a burning altar of Makhleb.
  4780 | D:4      | Noticed Natasha
  4795 | D:4      | Killed Natasha
  4845 | D:5      | Entered Level 5 of the Dungeon
  4947 | D:5      | Found a staircase to the Ecumenical Temple.
  4982 | D:5      | Reached skill level 1 in Evocations
  4986 | Temple   | Entered the Ecumenical Temple
  5151 | Temple   | Became a worshipper of Uskayaw the Reveller
  5306 | D:5      | Reached * piety under Uskayaw
  5431 | D:5      | Reached ** piety under Uskayaw
  5432 | D:5      | Reached skill level 5 in Short Blades
  5537 | D:5      | Reached skill level 5 in Fighting
  5537 | D:5      | Reached skill level 1 in Invocations
  5537 | D:5      | Reached XP level 9. HP: 47/47 MP: 10/10
  5821 | D:6      | Noticed Menkaure
  5924 | D:6      | Killed Menkaure
  6105 | D:5      | Reached *** piety under Uskayaw
  6124 | D:6      | Reached skill level 5 in Throwing
  6242 | D:6      | Reached skill level 2 in Invocations
  6410 | D:7      | Reached **** piety under Uskayaw
  6720 | D:7      | Noticed a purple ugly thing
  6732 | D:7      | Killed a purple ugly thing
  6733 | D:7      | Reached skill level 3 in Invocations
  6738 | D:7      | Reached ***** piety under Uskayaw
  7163 | D:8      | Found Mackoul's General Store.
  7197 | D:8      | Reached skill level 4 in Invocations
  7224 | D:8      | Reached XP level 10. HP: 53/53 MP: 14/14
  7236 | D:8      | Reached ****** piety under Uskayaw
  7237 | D:8      | Reached skill level 5 in Invocations
  7379 | D:8      | Reached skill level 6 in Invocations
  7841 | D:8      | Found an iron altar of Okawaru.
  7861 | D:8      | Found a blossoming altar of Fedhas.
  8245 | D:9      | Found a stormy altar of Qazlal.
  8274 | D:9      | Found an opulent altar of Gozag.
  8333 | D:9      | Found a bloodstained altar of Trog.
  8335 | D:9      | Noticed a wizard
  8339 | D:9      | Killed a wizard
  8402 | D:9      | Reached skill level 7 in Invocations
  8477 | D:9      | Found a hazy altar of Hepliaklqana.
  8900 | D:9      | Reached skill level 8 in Invocations
  9021 | D:10     | Entered Level 10 of the Dungeon
  9041 | D:10     | Noticed a two-headed ogre
  9242 | D:10     | Found an ornate altar of the Wu Jian Council.
  9251 | D:10     | Noticed a kobold demonologist
  9261 | D:10     | Killed a kobold demonologist
  9290 | D:10     | Reached skill level 1 in Armour
  9290 | D:10     | Reached XP level 11. HP: 55/58 MP: 18/18
  9545 | D:10     | Reached skill level 9 in Invocations
  9545 | D:10     | Killed a two-headed ogre
  9552 | D:10     | Noticed an ice dragon
  9562 | D:10     | Killed from afar by an ice dragon

Illustrated notes

Levels and vault maps discovered:
D:1:      ebering_trefoil_3fold, layout_basic, minmay_hedge_maze, minmay_tall_x
D:2:      minmay_inner_zag, layout_basic,
          hellmonk_ecumenical_altar_leap_of_faith, minmay_box_of_dots
D:3:      layout_rooms, mainiacjoe_overflow_alcove_4, hangedman_ru_absence,
          guppyfry_early_orc_mine, uniq_jessica, uniq_sigmund, uniq_robin
D:4:      layout_loops_corners, mainiacjoe_overflow_boulevard,
          lemuel_crystal_altar, uniq_duvessa, uniq_eustachio, uniq_natasha
D:5:      layout_loops_ring, temple_doors_e
D:6:      layout_gridville, grunt_decor_clamped, uniq_menkaure
D:7:      layout_basic, kennysheep_generic_room_4
D:8:      layout_basic, chequers_temple_overflow_statue_of_worship, special_room
          [special_room_orc], serial_shops, shop,
          hangedman_abyss_or_decor_slice, disabler_island
D:9:      layout_roguey, trog_wizard, nicolae_gozag_seed_capital,
          nzn_hepliaklqana_mist_gate, mainiacjoe_overflow_brackets
D:10:     minmay_coctagon, layout_basic, mainiacjoe_overflow_chevrons
Temple:   minmay_temple_curvy_loop

Skill      XL: |  1  2  3  4  5  6  7  8  9 10 11 |
---------------+----------------------------------+-----
Dodging        | 1 |  1.0
Stealth        | 5 6 7 8 |  8.0
Fighting       | 2 3 4 5 6 7 |  7.9
Short Blades   | 2 3 4 5 6 |  6.0
Throwing       | 2 3 4 5 |  5.0
Shields        | 1 2 3 4 |  4.0
Evocations     | 1 3 4 |  4.0
Invocations    | 1 4 8 9 |  9.3
Armour         | 1 2 |  2.3

Action                   |  1- 3 |  4- 6 |  7- 9 | 10-12 || total
-------------------------+-------+-------+-------+-------++-------
Melee: Dagger            |    94 |   185 |   406 |   304 ||   989
       Bite              |    17 |    53 |   152 |   126 ||   348
Throw: Dart              |       |     1 |     5 |    16 ||    22
       Boomerang         |       |    15 |       |     5 ||    20
Invok: Grand Finale      |       |       |       |     1 ||     1
Evoke: Wand              |       |       |     4 |       ||     4
  Use: Potion            |     4 |       |     1 |     1 ||     6
       Scroll            |       |       |    18 |       ||    18
 Stab: Sleeping          |     6 |     6 |     7 |       ||    19
       Paralysed         |       |       |     5 |    20 ||    25
       Invisible         |       |       |       |     8 ||     8
       Distracted        |       |       |       |     1 ||     1
Armor: Ring mail         |    30 |    67 |       |       ||    97
       Robe              |     1 |       |    23 |       ||    24
       Skin              |    12 |       |       |       ||    12
       Scale mail        |       |       |    90 |   108 ||   198
Dodge: Dodged            |    49 |    94 |   115 |    73 ||   331
Block: Buckler           |       |    30 |    62 |       ||    92
       Kite shield       |       |       |    30 |   138 ||   168

Table legend: (Time is in decaauts)
 A = Elapsed time spent in this place.
 B = Non-inter-level travel time spent in this place.
 C = Inter-level travel time spent in this place.
 D = Time resting spent in this place.
 E = Time spent auto-exploring this place.
 F = Levels seen in this place.
 G = Mean time per level.
                   A        B        C        D        E       F      G
               +--------+--------+--------+--------+--------+-----+--------+
         Total |   9453 |   9128 |    325 |    534 |   6483 |  11 |  859.4 |
       Dungeon |   9270 |   8955 |    315 |    534 |   6331 |  10 |  927.0 |
        Temple |    182 |    172 |     10 |      0 |    152 |   1 |  182.0 |
               +--------+--------+--------+--------+--------+-----+--------+

Top non-repeatable levels by time:
     D:4: 1516 daAuts
     D:2: 1428 daAuts
     D:1: 1007 daAuts
     D:8: 1004 daAuts
     D:9: 949 daAuts
     D:3: 866 daAuts
     D:7: 823 daAuts
     D:5: 818 daAuts
     D:6: 432 daAuts
    D:10: 424 daAuts
  Temple: 182 daAuts
